 Seeded DCSS version 0.28-a0-724-g66f9036eb4 (webtiles) character file.

Game seed: 20211027 (custom seed)

15 Rennog the Magician (level 2, -10/20 HPs)
             Began as a Ghoul Hedge Wizard on Oct 27, 2021.
             Killed by an exploding giant cockroach (13 damage)
             ... ignited by their inner flame
             ... on level 1 of the Dungeon.
             The game lasted 00:01:36 (895 turns).

Rennog the Magician (Ghoul Hedge Wizard)             Turns: 895, Time: 00:01:37

Health: -10/20     AC:  2    Str: 13    XL:     2   Next: 50%
Magic:  5/5        EV: 11    Int:  9    God:
Gold:   8          SH:  0    Dex:  8    Spells: 6/7 levels left

rFire   . . .      SeeInvis .   a - +0 dagger
rCold   + . .      Faith    .   (no shield)
rNeg    + + +      Spirit   .   b - +0 robe
rPois   ∞          Reflect  .   c - +0 hat
rElec   .          Harm     .   (no cloak)
rCorr   .          Rampage  .   (no gloves)
Will    .....                   (no boots)
Stlth   ++........              (no amulet)
HPRegen 0.00/turn               (no ring)
MPRegen 0.09/turn               (no ring)

@: inhibited regen
A: claws 1, cold resistance 1, negative energy resistance 3, inhibited
regeneration, torment resistance 2
a: no special abilities


You were on level 1 of the Dungeon.
You visited 1 branch of the dungeon, and saw 1 of its levels.

You collected 8 gold pieces.

Inventory:

Hand Weapons
 a - a +0 dagger (weapon)
Armour
 b - a +0 robe (worn)
 c - a +0 hat (worn)


   Skills:
 - Level 1.7 Dodging
 - Level 2.1 Stealth
 * Level 3.3 Spellcasting
 - Level 0.7 Conjurations
 - Level 0.8 Summonings
 - Level 0.8 Translocations


You had 6 spell levels left.
You knew the following spells:

 Your Spells              Type           Power      Damage    Failure   Level
a - Magic Dart            Conj           8%         1d3       22%         1

Your spell library contained the following spells:

 Spells                   Type           Power      Damage    Failure   Level
 Blink                    Tloc           6%         N/A       30%         2
 Call Imp                 Summ           3%         N/A       30%         2
 Slow                     Hex            1%         N/A       41%         2
 Conjure Flame            Conj/Fire      2%         6-21      58%         3
 Mephitic Cloud           Conj/Pois/Air  1%         N/A       63%         3


Dungeon Overview and Level Annotations

Branches:
Dungeon (1/15)

Altars:

Shops:
D:1 (


Innate Abilities, Weirdness & Mutations

You thrive by killing the living.
You are immune to poison.
You have sharp fingernails.
Your flesh is cold resistant. (rC+)
You are immune to negative energy. (rN+++)
You do not regenerate when monsters are visible.
You are immune to unholy pain and torment.


Message History

You closely miss the giant cockroach. The giant cockroach bites you.
* * * LOW HITPOINT WARNING * * *
The giant cockroach closely misses you.
You hit the giant cockroach.
The giant cockroach is moderately wounded.
The giant cockroach bites you.
* * * LOW HITPOINT WARNING * * *
You barely miss the giant cockroach.
The giant cockroach is moderately wounded.
The giant cockroach barely misses you.
You hit the giant cockroach but do no damage.
The giant cockroach is moderately wounded.
The giant cockroach barely misses you.
You hit the giant cockroach but do no damage.
The giant cockroach is moderately wounded.
The giant cockroach bites you.
* * * LOW HITPOINT WARNING * * *
You barely miss the giant cockroach. The giant cockroach barely misses you.
The giant cockroach closely misses you.
You hit the giant cockroach.
The giant cockroach is moderately wounded.
The giant cockroach barely misses you.
As you read the scroll labelled OKHEGG CAITAUWK, it crumbles to dust.
The creatures around you are filled with an inner flame!
It was a scroll of immolation.
The giant cockroach bites you but does no damage.
As you read the scroll labelled XEOL NADONAR, it crumbles to dust.
It is a scroll of identify.
You don't have any unidentified items.
The giant cockroach closely misses you.
The giant cockroach bites you but does no damage.
The giant cockroach bites you but does no damage.
You hit the giant cockroach.
Flame seeps out of the giant cockroach.
The giant cockroach is heavily wounded.
The giant cockroach is engulfed in blazing flames.
You feel better.
The giant cockroach explodes!
The fiery explosion engulfs you!
Ouch! That really hurt!
You die...

##.#########.# #............#.#
#######+#####..####...#..#..
#...........#..## #......#.#
#..)............# #.........
...................# #.........
...#...............# ###......#
##.............§§§..###.........
. ........##.#..@○...............
# #.....#.##.#..§K§..###......#..
# #..##....#.....#............#..
###..##.#..#.....#.......##†..# .
>..........†..........#.......#
.##..##....†....................
.....####..#..#.....##...........
.................................
###......................##.....#


You could see a kobold (inner flame).

Vanquished Creatures
  A ball python (D:1)
  An endoplasm (D:1)
  A giant cockroach (D:1)
  2 goblins (D:1)
  3 hobgoblins (D:1)
  4 kobolds (D:1)
  A frilled lizard (D:1)
  2 rats (D:1)
15 creatures vanquished.

Notes
Turn   | Place    | Note
-------+----------+-------------------------------------------
     0 | D:1      | Rennog the Ghoul Hedge Wizard began the quest for the Orb.
     0 | D:1      | Reached XP level 1. HP: 14/14 MP: 3/3
     9 | D:1      | Found Septann's Antique Weapon Shoppe.
    76 | D:1      | Reached skill level 3 in Spellcasting
    85 | D:1      | Reached XP level 2. HP: 5/20 MP: 5/5
    86 | D:1      | HP: 1/20 [hobgoblin (2)]
   884 | D:1      | HP: 1/20 [giant cockroach (1)]
   895 | D:1      | Killed by an exploding giant cockroach... ignited by their
                  | inner flame

Illustrated notes

Levels and vault maps discovered:
D:1:      amcnicky_arrival_gap_in_the_tavern_cellar, layout_basic,
          shapermc_ecumenical_altar_mp_ritualfount, serial_shops, shop

Skill      XL: |  1 |
---------------+----+-----
Spellcasting   | 3 |  3.3
Dodging        | |  1.7
Stealth        | |  2.1
Conjurations   | |  0.7
Summonings     | |  0.8
Translocations | |  0.8

Action                   || total
-------------------------++-------
Melee: Dagger            ||    76
 Cast: Magic Dart        ||     2
  Use: Scroll            ||     2
 Stab: Sleeping          ||     2
Armor: Robe              ||    20
Dodge: Dodged            ||    56

Table legend: (Time is in decaauts)
 A = Elapsed time spent in this place.
 B = Non-inter-level travel time spent in this place.
 C = Inter-level travel time spent in this place.
 D = Time resting spent in this place.
 E = Time spent auto-exploring this place.
 F = Levels seen in this place.
 G = Mean time per level.
                   A        B        C        D        E       F      G
               +--------+--------+--------+--------+--------+-----+--------+
         Total |    895 |    895 |      0 |      0 |    759 |   1 |  895.0 |
       Dungeon |    895 |    895 |      0 |      0 |    759 |   1 |  895.0 |
               +--------+--------+--------+--------+--------+-----+--------+

Top non-repeatable levels by time:
     D:1: 895 daAuts
